[Event "*** Titled Tuesday 3|2 Blitz (Early)"]
[Site "Chess.com"]
[Date "2016.11.01"]
[Round "1"]
[White "KuzubovYuriy"]
[Black "filali-oujda"]
[Result "1-0"]
[WhiteElo "2547"]
[BlackElo "2249"]
[TimeControl "180+2"]
[EndTime "11:02:59 PDT"]
[Termination "KuzubovYuriy won by resignation"]

1. d4 c6 2. e4 d5 3. Nc3 dxe4 4.
Nxe4 Nf6 5. Nxf6+ exf6 6. c3 Bd6 7. Bd3 O-O 8. Qc2 g6 9. Be3 Qa5 10. Ne2 Re8 11. h4 f5 12. h5 Nd7 13. hxg6 fxg6 14. Qb3+ Kh8 15. Rxh7+ Kxh7 16. Qf7+ Kh8 17. O-O-O Qc7 18.
Rh1+ Bh2 19. Qxe8+ Kg7 20. Qe7+ Kg8 21. Bc4+ Kh8 1-0

[Event "*** Titled Tuesday 3|2 Blitz (Early)"]
[Site "Chess.com"]
[Date "2016.11.01"]
[Round "1"]
[White "josiwales"]
[Black "Imre91"]
[Result "0-1"]
[WhiteElo "2179"]
[BlackElo "2517"]
[TimeControl "180+2"]
[EndTime "11:03:34 PDT"]
[Termination "Imre91 won by resignation"]

1. e4 e6 2. d3 c5 3. Nc3 Nc6 4.
g3 Rb8 5. Bg2 b5 6. f4 Qb6 7.
Nf3 c4 8. d4 b4 9. Ne2 Nf6 10. Ne5 Ba6 11. c3 bxc3 12. bxc3 d6 13. Nxc6 Qxc6 14. O-O Nxe4 15. Bxe4 Qxe4 16. Qa4+ Bb5 17.
Qxa7 Ra8 18. Qb6 Bc6 19. Kf2 Be7 20. a4 O-O 21. a5 Rfb8 22. Qc7 Rb7 0-1

[Event "*** Titled Tuesday 3|2 Blitz (Early)"]
[Site "Chess.com"]
[Date "2016.11.01"]
[Round "1"]
[White "TomsKantans"]
[Black "Wolverine_master"]
[Result "1-0"]
[WhiteElo "2480"]
[BlackElo "2065"]
[TimeControl "180+2"]
[EndTime "11:04:12 PDT"]
[Termination "TomsKantans won by resignation"]

1. e4 d5 2. exd5 Qxd5 3. Nc3 Qd6 4. d4 Nf6 5. Nf3 a6 6. g3 Bg4 7. Bg2 Nc6 8. O-O O-O-O 9. d5 Nb4 10. Bf4 Qd7 11.
Qd4 Kb8 12. Ne5 Qe8 13. Qxb4 e6 14. Qb3 Nxd5 15. Nxd5 exd5 16. Nxg4 1-0

[Event "*** Titled Tuesday 3|2 Blitz (Early)"]
[Site "Chess.com"]
[Date "2016.11.01"]
[Round "1"]
[White "yurisolo"]
[Black "Akshayraj_Kore"]
[Result "1/2-1/2"]
[WhiteElo "2521"]
[BlackElo "2289"]
[TimeControl "180+2"]
[EndTime "11:04:24 PDT"]
[Termination "Game drawn by agreement"]

1. e4 e5 2. Nf3 Nc6 3. Bb5 a6 4. Ba4 Nf6 5. O-O Nxe4 6. d4 b5 7. Bb3 d5 8. dxe5 Be6 9. Nbd2 Nc5 10. c3 d4 11. Bc2 Be7 12. cxd4 Nxd4 13. Nxd4 Qxd4 14.
Nf3 Qxd1 15. Rxd1 Bg4 16. b4 Nd7 17. Be4 Rd8 18. a3 Bxf3 19. Bxf3 Nxe5 20. Rxd8+ Bxd8 21.
Bb7 Bf6 22. Bb2 Nf3+ 23. gxf3 Bxb2 24. Ra2 Bc1 25. Bxa6 c6 26. Rc2 Bxa3 27. Rxc6 O-O 28. Rc8 Rxc8 29. Bxc8 Bxb4 30. Bd7 1/2-1/2

[Event "*** Titled Tuesday 3|2 Blitz (Early)"]
[Site "Chess.com"]
[Date "2016.11.01"]
[Round "1"]
[White "chito89"]
[Black "PaulfromSPb"]
[Result "0-1"]
[WhiteElo "2514"]
[BlackElo "2392"]
[TimeControl "180+2"]
[EndTime "11:04:40 PDT"]
[Termination "PaulfromSPb won by resignation"]

1. d4 Nf6 2. c4 e6 3. Nc3 Bb4 4.
e3 O-O 5. Bd3 c5 6. Ne2 d5 7.
O-O Nc6 8. a3 Bxc3 9. bxc3 dxc4 10. Bxc4 Qa5 11. a4 Re8 12. Rb1 Qc7 13. Ba3 b6 14. Ng3 Na5 15. Bb5 Bd7 16. dxc5 bxc5 17. c4 a6 18. Bxd7 Nxd7 19. Nh5 Ne5 20. Bb2 Naxc4 21.
Ba1 Red8 22. Qe2 Rd2 23. Qe1 Nd3 0-1

[Event "*** Titled Tuesday 3|2 Blitz (Early)"]
[Site "Chess.com"]
[Date "2016.11.01"]
[Round "1"]
[White "visa"]
[Black "LawrenceTrent"]
[Result "0-1"]
[WhiteElo "2123"]
[BlackElo "2498"]
[TimeControl "180+2"]
[EndTime "11:04:56 PDT"]
[Termination "LawrenceTrent won by resignation"]

1. e4 e6 2. d3 d5 3. Nd2 Nf6 4. Ngf3 Nc6 5. g3 b6 6. Bg2 dxe4 7. dxe4 Ba6 8. c4 Qd3 9. Qa4 Bb7 10. Ne5 Qd6 11. f4 Be7 12. Nxf7 Kxf7 13. e5 Nxe5 14.
Bxb7 Nd3+ 15. Ke2 Rad8 16. Bg2 Nxc1+ 17. Rhxc1 Qxd2+ 18. Kf1 Bc5 19. Rc2 Qd4 0-1

[Event "*** Titled Tuesday 3|2 Blitz (Early)"]
[Site "Chess.com"]
[Date "2016.11.01"]
[Round "1"]
[White "SavelijTartakover"]
[Black "Iwannabetheguy"]
[Result "1-0"]
[WhiteElo "2471"]
[BlackElo "2023"]
[TimeControl "180+2"]
[EndTime "11:05:09 PDT"]
[Termination "SavelijTartakover won by resignation"]

1. Nf3 Nf6 2. c4 c5 3. e3 g6 4. Nc3 Bg7 5. Be2 O-O 6. O-O Nc6 7. b3 Ne4 8. Bb2 Nxc3 9. Bxc3 Bxc3 10. dxc3 e6 11.
Qd6 Qe7 12. Rfd1 Qxd6 13. Rxd6 Rb8 14. Rad1 a6 15. Nd2 b5 16. Ne4 bxc4 17. Bxc4 Ne5 18. Bxa6 Bxa6 19. Rxa6 c4 20. b4 d5 21. Nc5 Rfc8 22. a4 Rxc5 23. bxc5 Nd3 24. c6 Rc8 25. Rb6 Kf8 26. a5 Ke7 27. a6 Kd6 28. Ra1 Kc7 29.
Rb7+ Kxc6 30. Rxf7 h5 31. a7 Ra8 32. Rf6 Kb7 33.
Rxe6 Rxa7 34. Re7+ 1-0

[Event "*** Titled Tuesday 3|2 Blitz (Early)"]
[Site "Chess.com"]
[Date "2016.11.01"]
[Round "1"]
[White "dcremisi"]
[Black "agser"]
[Result "0-1"]
[WhiteElo "2213"]
[BlackElo "2534"]
[TimeControl "180+2"]
[EndTime "11:05:16 PDT"]
[Termination "agser won by resignation"]

1. d4 Nf6 2. c4 e6 3. Nf3 b6 4. g3 Ba6 5. b3 Bb4+ 6. Bd2 Be7 7.
Nc3 c6 8. Bg2 d5 9. Ne5 Nfd7 10.
cxd5 Nxe5 11. dxe5 cxd5 12. O-O Nc6 13. f4 O-O 14. Re1 Rc8 15. e4 d4 16. Na4 d3 17. Qg4 Bb4 18. Bxb4 Nxb4 19. f5 Qd4+ 20. Kh1 Qxe5 21. Bh3 d2 22. Red1 Bb7 23. fxe6 Bxe4+ 24. Bg2 Bxg2+ 25. Kxg2 Nc2 26. exf7+ Kh8 27. Rxd2 Ne3+ 0-1

[Event "*** Titled Tuesday 3|2 Blitz (Early)"]
[Site "Chess.com"]
[Date "2016.11.01"]
[Round "1"]
[White "Taabling"]
[Black "Tash_Boy"]
[Result "0-1"]
[WhiteElo "2008"]
[BlackElo "2463"]
[TimeControl "180+2"]
[EndTime "11:05:21 PDT"]
[Termination "Tash_Boy won by checkmate"]

1. Nf3 Nf6 2. g3 g6 3. b3 Bg7 4. Bb2 O-O 5. c4 d6 6. Bg2 e5 7. O-O Nbd7 8. d4 e4 9. Nfd2 Re8 10. e3 Nf8 11. Nc3 Bf5 12. Qc2 Qe7 13. b4 h5 14. h3 N8h7 15. h4 g5 16. hxg5 Nxg5 17. d5 h4 18. g4 Nxg4 19. Nb5 h3 20. Bxg7 hxg2 21. Kxg2 Kxg7 22. Nd4 Bd7 23. Rh1 Rh8 24.
Rag1 Qf6 25. Nf1 Nf3 26. Qxe4 Ne1+ 27. Kg3 Qxf2# 0-1

[Event "*** Titled Tuesday 3|2 Blitz (Early)"]
[Site "Chess.com"]
[Date "2016.11.01"]
[Round "1"]
[White "maciek_92"]
[Black "AdrianaNikolova"]
[Result "1-0"]
[WhiteElo "2550"]
[BlackElo "2255"]
[TimeControl "180+2"]
[EndTime "11:05:32 PDT"]
[Termination "maciek_92 won by resignation"]

1. c4 e5 2. Nc3 c6 3. Nf3 d6 4. d4 Qc7 5. h3 Nf6 6. e4 Be7 7. Be2 O-O 8. O-O a6 9. Be3 h6 10. Rc1 Nh7 11. c5 exd4 12. cxd6 Bxd6 13. Bxd4 Qe7 14. e5 Bc5 15. Nd5 cxd5 16. Bxc5 Qe6 17.
Bxf8 Nxf8 18. Nd4 Qe8 19. Bf3 Be6 20. Qb3 Nc6 21. Rfd1 Nxe5 22. Bxd5 Bxd5 23. Qxd5 Nfg6 24. Qxb7 Rb8 25. Qxa6 Rxb2 26. Rc8 1-0

[Event "*** Titled Tuesday 3|2 Blitz (Early)"]
[Site "Chess.com"]
[Date "2016.11.01"]
[Round "1"]
[White "michaelk123"]
[Black "Smirnov_Pavel"]
[Result "0-1"]
[WhiteElo "2163"]
[BlackElo "2512"]
[TimeControl "180+2"]
[EndTime "11:05:47 PDT"]
[Termination "Smirnov_Pavel won on time"]

1. e4 c5 2. Nf3 Nc6 3. Bb5 g6 4. Bxc6 bxc6 5. O-O Bg7 6. c3 Nf6 7. Re1 Rb8 8. d4 cxd4 9. cxd4 O-O 10. Nc3 d6 11. h3 Nd7 12. b3 c5 13. Bb2 cxd4 14. Nxd4 Bb7 15. Rc1 Qa5 16. Nd5 Bxd5 17. exd5 Qxd5 18. Nc6 Qxd1 19. Nxe7+ Kh8 20. Bxg7+ Kxg7 21. Rexd1 Rfe8 22. Nc6 Rb6 23. Rxd6 Nb8 24. Rc4 Re1+ 25.
Kh2 Re2 26. Rb4 Rxc6 0-1

[Event "*** Titled Tuesday 3|2 Blitz (Early)"]
[Site "Chess.com"]
[Date "2016.11.01"]
[Round "1"]
[White "MateusViageiro"]
[Black "Dlugy"]
[Result "0-1"]
[WhiteElo "2306"]
[BlackElo "2589"]
[TimeControl "180+2"]
[EndTime "11:05:57 PDT"]
[Termination "Dlugy won by resignation"]

1. e4 d5 2. exd5 Qxd5 3. Nc3 Qd6 4. Nf3 Bg4 5. Be2 c6 6. O-O Nf6 7. h3 Bh5 8. d4 Nbd7 9. Re1 e6 10. Bg5 Be7 11. Bh4 Qc7 12. Bg3 Bd6 13. Bxd6 Qxd6 14. Qd2 O-O 15. Rad1 Rfd8 16. Qe3 h6 17. Ne5 Bxe2 18.
Qxe2 Nb6 19. f4 Qb4 20. Nxf7 Kxf7 21. Qxe6+ Kf8 22. Qf5 Rxd4 23. a3 Qd6 24. Ne4 Rxd1 25.
Nxd6 Rxe1+ 26. Kf2 Re7 27. c4 Rd8 28. c5 Nd5 29. g4 Kg8 30. b4 Rf8 31. Kg2 Ne3+ 0-1

[Event "*** Titled Tuesday 3|2 Blitz (Early)"]
[Site "Chess.com"]
[Date "2016.11.01"]
[Round "1"]
[White "Alohamora11"]
[Black "Gabrielian_Artur"]
[Result "0-1"]
[WhiteElo "2222"]
[BlackElo "2544"]
[TimeControl "180+2"]
[EndTime "11:06:11 PDT"]
[Termination "Gabrielian_Artur won by resignation"]

1. e4 c5 2. Nf3 d6 3. d4 cxd4 4.
Nxd4 Nf6 5. Nc3 a6 6. h3 e6 7. g4 Be7 8. Be3 Nfd7 9. Bg2 Nc6 10.
Qe2 Qc7 11. O-O-O O-O 12. f4 Rb8 13. Kb1 Nxd4 14. Bxd4 b5 15. Qe3 Bb7 16. Rhg1 b4 17.
Na4 Bc6 18. b3 Bxa4 19. bxa4 Rfc8 20. Rd2 e5 21. Bb2 Nb6 22. fxe5 Nc4 23. exd6 Bxd6 24.
Qd4 Be5 25. Qd7 Bxb2 26. Qxc7 Nxd2+ 27. Kxb2 Rxc7 0-1

[Event "*** Titled Tuesday 3|2 Blitz (Early)"]
[Site "Chess.com"]
[Date "2016.11.01"]
[Round "1"]
[White "Shivagami"]
[Black "CroatianPower"]
[Result "0-1"]
[WhiteElo "2036"]
[BlackElo "2473"]
[TimeControl "180+2"]
[EndTime "11:06:12 PDT"]
[Termination "CroatianPower won by resignation"]

1. e4 e6 2. d4 d5 3. e5 c5 4.
c3 Nc6 5. Nf3 Bd7 6. Bd3 Qb6 7.
Bc2 Rc8 8. O-O cxd4 9. cxd4 Nb4 10. Nc3 Nxc2 11. Qxc2 Ne7 12. Bf4 Nf5 13. Rfd1 Bb4 14. a3 Bxc3 15. bxc3 Qa5 16. Qb2 b6 17. Rdc1 O-O 18.
Qb4 Qa6 19. Nd2 Qd3 20. Qb1 Rxc3 21. Qxd3 Rxd3 22. Rc7 Bb5 23. a4 Be8 24. Rxa7 Rxd4 25.
Be3 Nxe3 26. Nf3 Rd1+ 0-1

[Event "*** Titled Tuesday 3|2 Blitz (Early)"]
[Site "Chess.com"]
[Date "2016.11.01"]
[Round "1"]
[White "Evgeny_Levin"]
[Black "Grebeniuk-S"]
[Result "1-0"]
[WhiteElo "2681"]
[BlackElo "2407"]
[TimeControl "180+2"]
[EndTime "11:06:19 PDT"]
[Termination "Evgeny_Levin won by resignation"]

1. d4 f5 2. Nc3 Nf6 3. Bg5 d5 4.
f3 Qd6 5. Qd2 c6 6. O-O-O Be6 7.
Nh3 Nbd7 8. Kb1 Qb4 9. e4 fxe4 10. Nb5 Qxd2 11. Nc7+ Kf7 12. Bxd2 Bxh3 13. Nxa8 Bf5 14.
g4 Bg6 15. g5 Nh5 16. fxe4 Bxe4 17. Be2 Bxh1 18. Bxh5+ g6 19. Bg4 Be4 20. Bxd7 e6 21. Nc7 Ke7 22. Bxe6 Kd6 23. Bf4+ Ke7 24. Be5 1-0

[Event "*** Titled Tuesday 3|2 Blitz (Early)"]
[Site "Chess.com"]
[Date "2016.11.01"]
[Round "1"]
[White "ftorodent"]
[Black "PowerThinking2650"]
[Result "1-0"]
[WhiteElo "2520"]
[BlackElo "2185"]
[TimeControl "180+2"]
[EndTime "11:06:19 PDT"]
[Termination "ftorodent won on time"]

1. d4 Nf6 2. c4 g6 3. Nc3 Bg7 4. e4 d6 5. Be2 O-O 6. Nf3 e5 7. O-O Nc6 8. d5 Ne7 9. a4 a5 10. b3 b6 11. Ba3 Nh5 12. b4 axb4 13. Bxb4 Nf4 14. a5 bxa5 15. Rxa5 Rb8 16. Nb5 f5 17. Nd2 c5 18. Bc3 fxe4 19. Nxe4 Nf5 20. Bg4 Rb6 21. Ra8 Qe7 22. Re1 h5 23. Be2 Bd7 24. Ra7 1-0

[Event "*** Titled Tuesday 3|2 Blitz (Early)"]
[Site "Chess.com"]
[Date "2016.11.01"]
[Round "1"]
[White "Aygehovit1992"]
[Black "E-Shaposhnikov"]
[Result "0-1"]
[WhiteElo "2414"]
[BlackElo "2698"]
[TimeControl "180+2"]
[EndTime "11:06:26 PDT"]
[Termination "E-Shaposhnikov won on time"]

1. e4 c5 2. Nf3 e6 3. d4 cxd4 4. Nxd4 a6 5. Nc3 Qc7 6. Be3 Nf6 7.
Qf3 Bb4 8. Bd2 Nc6 9. Nxc6 bxc6 10. Bd3 d5 11. O-O-O O-O 12. Qg3 Bd6 13. f4 Nh5 14.
Qh4 Nxf4 15. Bxf4 Bxf4+ 16. Kb1 g6 17. Rhf1 Be5 18. Rf3 Rb8 19. Be2 Bd7 20. Rh3 h5 21. Bxh5 Qd8 22. Qg4 Qf6 23. Bxg6 fxg6 24. exd5 Bxc3 25. b3 cxd5 0-1

[Event "*** Titled Tuesday 3|2 Blitz (Early)"]
[Site "Chess.com"]
[Date "2016.11.01"]
[Round "1"]
[White "oskariot"]
[Black "ZapataCharlesS"]
[Result "0-1"]
[WhiteElo "2407"]
[BlackElo "2640"]
[TimeControl "180+2"]
[EndTime "11:06:26 PDT"]
[Termination "ZapataCharlesS won by resignation"]

1. e4 c5 2. Nf3 Nc6 3. d4 cxd4 4.
Nxd4 g6 5. c4 Bg7 6. Nc2 d6 7.
Be2 f5 8. exf5 Bxf5 9. Nc3 Bxc3+ 10. bxc3 Nf6 11. O-O O-O 12. Ne3 Be6 13. Nd5 Bxd5 14. cxd5 Ne5 15. Bh6 Rf7 16. a4 Rc8 17. Qd4 Ned7 18.
a5 a6 19. Rfe1 Nc5 20. Bf1 Nb3 21. Qd3 Nxa1 22. Rxa1 Ng4 23. Bg5 Nxf2 24. Qd4 Qc7 25. Be3 Rcf8 26. h3 Nh1 27. Be2 Ng3 28. Bg4 h5 29.
Bf3 Rxf3 30. gxf3 Ne2+ 0-1

[Event "*** Titled Tuesday 3|2 Blitz (Early)"]
[Site "Chess.com"]
[Date "2016.11.01"]
[Round "1"]
[White "micfel"]
[Black "Peroncio"]
[Result "0-1"]
[WhiteElo "2254"]
[BlackElo "2549"]
[TimeControl "180+2"]
[EndTime "11:06:30 PDT"]
[Termination "Peroncio won by resignation"]

1. e4 c5 2. Nf3 e6 3. d4 cxd4 4.
Nxd4 Nc6 5. Nc3 Qc7 6. Nb3 Nf6 7.
Bd3 a6 8. O-O h5 9. h3 h4 10. f4 Nh5 11. Qf3 Ng3 12. Re1 b5 13. Ne2 Nxe2+ 14. Rxe2 Bb7 15. c3 Be7 16. Bd2 Na5 17.
Nxa5 Qxa5 18. a3 Qb6+ 19. Be3 Bc5 20. Bxc5 Qxc5+ 21. Kh2 g5 22. fxg5 Qxg5 23. Rf1 O-O-O 24. Qf4 Qg7 25. e5 Rdg8 26. Be4 Qg3+ 27. Qxg3 hxg3+ 28.
Kg1 Rg7 29. Bxb7+ Kxb7 30. Rd1 Kc7 31. Red2 Rd8 32. Rd6 Rg5 33. Rxa6 Rxe5 34. Ra7+ Kc6 35. Ra6+ Kb7 36. Rad6 Kc7 37. R6d3 Rg5 38. Rd6 Re5 39. R6d3 Rg5 40. Rd6 f5 41. R1d3 f4 42. R6d4 Re5 43.
Rf3 Re1+ 44. Rf1 Rxf1+ 45. Kxf1 e5 46. Rd5 d6 47. Rxb5 Kc6 48. Rb4 d5 49. a4 e4 50. a5 Rf8 51. Rb6+ Kc5 52. b4+ Kc4 53. Rc6+ Kd3 54. Rc5 f3 55. Rxd5+ Kxc3 56. Re5 Kd4 57. Re7 f2 58. Rd7+ Kc3 59. Rg7 e3 60. Rxg3 Kd2 61. Rxe3 Kxe3 62. b5 Rd8 0-1

[Event "*** Titled Tuesday 3|2 Blitz (Early)"]
[Site "Chess.com"]
[Date "2016.11.01"]
[Round "1"]
[White "TheSovietChess"]
[Black "Makalexa"]
[Result "0-1"]
[WhiteElo "2505"]
[BlackElo "2217"]
[TimeControl "180+2"]
[EndTime "11:06:30 PDT"]
[Termination "Makalexa won by resignation"]

1. Nf3 Nf6 2. g3 c5 3. Bg2 d6 4. O-O Nc6 5. c4 g6 6. d3 Bg7 7. Bg5 O-O 8. Nc3 e6 9. Qd2 Rb8 10. a4 Ne7 11. d4 b6 12. Rad1 Bb7 13. dxc5 dxc5 14. Bxf6 Qxd2 15. Nxd2 Bxf6 16. Bxb7 Bxc3 17. bxc3 Rxb7 18. Nf3 Nc6 19. Rd6 Rc8 20. Rfd1 Kf8 21. e4 Ke7 22. R6d3 Na5 23. Nd2 Rcc7 24. f4 Rd7 25. Nf3 Nxc4 26. Ne5 Nxe5 27. fxe5 Rxd3 28. Rxd3 Rd7 29. Rxd7+ Kxd7 30. Kf2 Kc6 31. c4 a6 32. Ke3 b5 33. axb5+ axb5 34. Kd3 b4 35. Kc2 g5 36.
g4 Kb6 37. Kb2 Ka5 38. Kb3 Ka6 39. Kc2 Kb7 40. Kb3 Kc6 41. Kc2 Kd7 42. Kb2 Ke7 43.
Kb3 f5 44. exf5 exf5 45. gxf5 g4 46. f6+ Ke6 47. Kc2 h5 0-1

[Event "*** Titled Tuesday 3|2 Blitz (Early)"]
[Site "Chess.com"]
[Date "2016.11.01"]
[Round "1"]
[White "FrankieJay"]
[Black "gmsakk"]
[Result "0-1"]
[WhiteElo "2198"]
[BlackElo "2520"]
[TimeControl "180+2"]
[EndTime "11:06:31 PDT"]
[Termination "gmsakk won by resignation"]

1. e4 c5 2. Nf3 d6 3. d4 cxd4 4.
Nxd4 Nf6 5. Nc3 a6 6. Bg5 e6 7. f4 h6 8. Bh4 Qb6 9. a3 Be7 10. Bf2 Qc7 11. Be2 b5 12. Bf3 Bb7 13. O-O Nbd7 14.
Qe2 O-O 15. Rfe1 Rfe8 16. Nb3 Rac8 17. Rad1 Nb6 18. Na5 Ba8 19. e5 Bxf3 20. Qxf3 dxe5 21. fxe5 Nfd5 22. Rd3 Bc5 23. Nb3 Bxf2+ 24. Qxf2 Nxc3 25. Rxc3 Qb8 26. Rxc8 Rxc8 27. c3 Nc4 28. Nd4 Nxe5 29. Rf1 Rf8 30. Qe2 Nc4 31. Nc6 Qb6+ 0-1

[Event "*** Titled Tuesday 3|2 Blitz (Early)"]
[Site "Chess.com"]
[Date "2016.11.01"]
[Round "1"]
[White "AkshatChandra"]
[Black "Jungle_Jaguar"]
[Result "1-0"]
[WhiteElo "2598"]
[BlackElo "2316"]
[TimeControl "180+2"]
[EndTime "11:06:33 PDT"]
[Termination "AkshatChandra won by resignation"]

1. b4 e5 2. a3 Nf6 3. Bb2 d6 4. g3 Be6 5. Bg2 c6 6. e3 Be7 7. Ne2 O-O 8. O-O Nbd7 9. f4 a5 10.
Nbc3 axb4 11. axb4 Qb6 12. Rb1 Rfd8 13. Kh1 Nf8 14.
h3 exf4 15. Nxf4 Bc4 16. d3 Ba2 17. Nxa2 Rxa2 18. Nh5 Nxh5 19. Qxh5 Qxe3 20. Qxf7+ 1-0

[Event "*** Titled Tuesday 3|2 Blitz (Early)"]
[Site "Chess.com"]
[Date "2016.11.01"]
[Round "1"]
[White "IIIlllII1llIl"]
[Black "saraswathii"]
[Result "1-0"]
[WhiteElo "2504"]
[BlackElo "2154"]
[TimeControl "180+2"]
[EndTime "11:06:33 PDT"]
[Termination "IIIlllII1llIl won by resignation"]

1. e4 c5 2. c3 Nf6 3. e5 Nd5 4. Nf3 Nc6 5. Bc4 Nb6 6. Bb3 c4 7. Bc2 d6 8. exd6 exd6 9. O-O Be7 10. a4 a6 11. a5 Nd7 12. Re1 O-O 13. d3 cxd3 14.
Qxd3 f5 15. Qd5+ Kh8 16. Bxf5 Nf6 17. Qd3 Nxa5 18. Bxc8 Rxc8 19. Rxa5 Qxa5 20. Rxe7 Rce8 21. Rxe8 Rxe8 22. h3 Ne4 23. Na3 Qb6 24. Qd4 Qc7 25. Nc4 b5 26. Ne3 Qa5 27. Nf5 Nf6 28. Bh6 Re6 29. Bxg7+ Kg8 30. Bxf6 Qa1+ 31. Kh2 Qb1 32. Qg4+ Kf8 33. Qg7+ Ke8 34. Nxd6+ 1-0

[Event "*** Titled Tuesday 3|2 Blitz (Early)"]
[Site "Chess.com"]
[Date "2016.11.01"]
[Round "1"]
[White "ChessWarrior7197"]
[Black "Mbneu"]
[Result "1-0"]
[WhiteElo "2499"]
[BlackElo "2124"]
[TimeControl "180+2"]
[EndTime "11:06:39 PDT"]
[Termination "ChessWarrior7197 won by resignation"]

1. e4 d6 2. d4 Nf6 3. Nc3 g6 4.
Be3 Bg7 5. h3 c6 6. a4 Nbd7 7.
Nf3 e5 8. Be2 Qc7 9. O-O a6 10. a5 Nf8 11. Nd2 Ne6 12. dxe5 dxe5 13. Nc4 Nd7 14. Nd6+ Ke7 15. Nc4 Rd8 16. Qb1 Kf8 17.
Nb6 Rb8 18. Qa2 c5 19. Ncd5 Qc6 20. Rad1 Nxb6 21. Nxb6 Nd4 22. Bd3 Be6 23. Qa3 Kg8 24. c3 Nb5 25. Qxc5 Bb3 26. Qxc6 bxc6 27. Rd2 Nd6 28. f3 Bf6 29. Bxa6 Be7 30. Be2 f5 31. a6 fxe4 32. a7 Ra8 33. Nxa8 Rxa8 34. fxe4 Nxe4 35. Rd7 Bc5 36. Bxc5 Nxc5 37. Re7 e4 38. Re5 Nd3 39. Rxe4 Nxb2 40. Rb4 1-0

[Event "*** Titled Tuesday 3|2 Blitz (Early)"]
[Site "Chess.com"]
[Date "2016.11.01"]
[Round "1"]
[White "Divertissement"]
[Black "NDePinEsPeRG"]
[Result "0-1"]
[WhiteElo "2341"]
[BlackElo "2622"]
[TimeControl "180+2"]
[EndTime "11:06:54 PDT"]
[Termination "NDePinEsPeRG won by resignation"]

1. d4 Nf6 2. Nf3 d5 3. Bf4 c5 4.
e3 Nc6 5. c3 Qb6 6. Qb3 c4 7.
Qc2 Bf5 8. Qc1 e6 9. h3 Be7 10.
Nbd2 O-O 11. Be2 Rfc8 12. O-O Qd8 13. Nh4 Be4 14. Nxe4 dxe4 15. g4 b5 16. a3 Nxg4 17. hxg4 Bxh4 18. Kg2 Bg5 19. Bg3 Ne7 20. a4 a6 21. Qc2 f5 22. f4 exf3+ 23. Bxf3 Nd5 24. Rae1 Nxe3+ 25. Rxe3 Bxe3 26. Bxa8 Rxa8 27. gxf5 Qd5+ 28. Kh3 Rf8 29. axb5 axb5 30. Qe2 Rxf5 31. Rxf5 Qxf5+ 32. Kg2 Qe4+ 33. Kh3 Qd3 34. Qh5 Qf5+ 35. Qxf5 exf5 36. d5 Kf7 37. Be5 g5 38. Kg3 Bc1 39. d6 Ke6 0-1

[Event "*** Titled Tuesday 3|2 Blitz (Early)"]
[Site "Chess.com"]
[Date "2016.11.01"]
[Round "1"]
[White "Jahonas"]
[Black "VMikhalevski"]
[Result "0-1"]
[WhiteElo "2155"]
[BlackElo "2503"]
[TimeControl "180+2"]
[EndTime "11:07:05 PDT"]
[Termination "VMikhalevski won by resignation"]

1. d4 Nf6 2. c4 g6 3. Nf3 Bg7 4.
Nc3 d5 5. cxd5 Nxd5 6. e4 Nxc3 7.
bxc3 c5 8. Bb5+ Bd7 9. Bxd7+ Qxd7 10. O-O O-O 11. Rb1 b6 12. Be3 cxd4 13. cxd4 Nc6 14. d5 Na5 15. Bd4 Rac8 16. Bxg7 Kxg7 17. Qd4+ Kg8 18. Ne5 Qd6 19. Rfc1 Qa3 20. Nc6 Nxc6 21. dxc6 Rfd8 22. Qe5 Qd6 23. Qb5 Qe6 24. c7 Rd7 25. Rc6 Rdxc7 26. Rxe6 Rc1+ 27. Qf1 Rxf1+ 28. Kxf1 fxe6 29.
Rb2 Rc3 30. Ke2 e5 31. Kd2 Ra3 32. f3 g5 33. Kc1 Kf7 34. Rc2 h5 35. Kb2 Re3 36.
a4 g4 37. Rf2 Ke6 0-1

[Event "*** Titled Tuesday 3|2 Blitz (Early)"]
[Site "Chess.com"]
[Date "2016.11.01"]
[Round "1"]
[White "RodinMihail"]
[Black "GeorgMeier"]
[Result "0-1"]
[WhiteElo "2416"]
[BlackElo "2707"]
[TimeControl "180+2"]
[EndTime "11:07:15 PDT"]
[Termination "GeorgMeier won by resignation"]

1. e4 e6 2. d4 d5 3. Nd2 dxe4 4. Nxe4 Nd7 5. Bd3 Ngf6 6. Qe2 c5 7. Nxf6+ Nxf6 8. dxc5 Bxc5 9. Nf3 O-O 10. Bg5 h6 11. Bd2 e5 12. Bc3 e4 13. Bxf6 exd3 14. Bxd8 dxe2 15.
Ba5 Re8 16. Bc3 Bg4 17. Nd4 Rad8 18. h3 Bh5 19. g4 Bg6 20. Nf5 f6 21. b4 Bb6 22. a4 a6 23. a5 Ba7 24. Rh2 Bxf5 25. gxf5 Rd5 26. f3 Re3 27. Bd2 Rxf3 28. Kxe2 Rdxf5 29. Be1 Re3+ 30. Kd1 Kf7 31. h4 Bd4 32. Rb1 Rd5 33. Rd2 Rxe1+ 34. Kxe1 Bc3 35. Rd1 Bxb4 0-1

[Event "*** Titled Tuesday 3|2 Blitz (Early)"]
[Site "Chess.com"]
[Date "2016.11.01"]
[Round "1"]
[White "DanielNaroditsky"]
[Black "TheCount"]
[Result "1-0"]
[WhiteElo "2726"]
[BlackElo "2426"]
[TimeControl "180+2"]
[EndTime "11:07:26 PDT"]
[Termination "DanielNaroditsky won on time"]

1. d4 Nf6 2. c4 g6 3. Nc3 d5 4. cxd5 Nxd5 5. Nf3 Bg7 6. Bd2 Nxc3 7.
Bxc3 c5 8. e3 O-O 9. Be2 cxd4 10. Nxd4 Bd7 11. O-O Nc6 12. Bf3 Qb6 13. Nb3 Bxc3 14.
bxc3 Rfd8 15. Nd4 e5 16. Nb3 Bf5 17. Qc1 Rac8 18. Qa3 Bd3 19. Rfd1 Bc2 20. Rdc1 Bf5 21. e4 Be6 22. Nc5 Qa5 23. Qxa5 Nxa5 24. Nxe6 fxe6 25. Kf1 b6 26. Rd1 Kf7 27. Rxd8 Rxd8 28. Rd1 Rxd1+ 29. Bxd1 Ke7 30. Ke2 Kd6 31. Kd3 Kc5 32. Bg4 Kd6 33. h4 h6 34. Bd1 1-0

[Event "*** Titled Tuesday 3|2 Blitz (Early)"]
[Site "Chess.com"]
[Date "2016.11.01"]
[Round "1"]
[White "LuckyTiger"]
[Black "KyronGriffith"]
[Result "1-0"]
[WhiteElo "2605"]
[BlackElo "2337"]
[TimeControl "180+2"]
[EndTime "11:07:27 PDT"]
[Termination "LuckyTiger won by checkmate"]

1. e4 c5 2. c3 g6 3. d4 cxd4 4.
cxd4 d5 5. e5 Nc6 6. Nc3 f6 7.
Bb5 Bg7 8. Nf3 Bg4 9. O-O fxe5 10. dxe5 e6 11. h3 Bxf3 12. Qxf3 a6 13. Ba4 b5 14. Bb3 Nge7 15. Bg5 Qc7 16. Qg4 Nf5 17.
Nxd5 exd5 18. Bxd5 Nfe7 19. Bxe7 Kxe7 20. Qe6+ Kf8 21.
Bxc6 Rd8 22. Rad1 Qe7 23. Rxd8+ Qxd8 24. Bd5 Qe7 25. Qc8+ Qe8 26. Qxa6 Bxe5 27. Re1 Bh2+ 28. Kxh2 Qxe1 29. Qf6+ Ke8 30. Bc6# 1-0

[Event "*** Titled Tuesday 3|2 Blitz (Early)"]
[Site "Chess.com"]
[Date "2016.11.01"]
[Round "1"]
[White "HovmoellerHest"]
[Black "Cayse"]
[Result "0-1"]
[WhiteElo "2293"]
[BlackElo "2585"]
[TimeControl "180+2"]
[EndTime "11:07:32 PDT"]
[Termination "Cayse won by resignation"]

1. d4 Nf6 2. c4 e6 3. Nc3 Bb4 4. Qc2 O-O 5. a3 Bxc3+ 6. Qxc3 b6 7. Bg5 h6 8. Bh4 Bb7 9. Nf3 d6 10. e3 Nbd7 11. Be2 Qe8 12. O-O Ne4 13. Qc2 f5 14.
Bg3 Ndf6 15. b4 g5 16. c5 h5 17. h4 Qg6 18. cxd6 cxd6 19. Qa2 Bd5 20. Bc4 g4 21. Ng5 Nxg5 22. hxg5 Bxc4 23. Qxc4 Ne4 24. Rfc1 Nxg3 25. fxg3 Rae8 26. Kf2 Qxg5 27. Qc7 h4 28. Qxd6 e5 29. dxe5 hxg3+ 30. Ke2 f4 31. exf4 Rxf4 32. Rc7 Rxe5+ 33. Kd3 Rd5+ 0-1